 Dungeon Crawl Stone Soup version 0.20.1-1-g8b1a95d (webtiles) character file.

23 niquify the Sneak (level 2, 0/14 HPs)
             Began as a Spriggan Assassin on Oct 13, 2017.
             Slain by Terence
             ... wielding a +0 morningstar
              (9 damage)
             ... on level 2 of the Dungeon.
             The game lasted 00:05:07 (1003 turns).

niquify the Sneak (Spriggan Assassin)               Turns: 1003, Time: 00:05:08

Health: 0/14       AC:  3    Str:  7    XL:     2   Next: 72%
Magic:  3/3        EV: 17    Int: 12    God:
Gold:   43         SH:  0    Dex: 17    Spells: 1/1 levels left

rFire    . . .     SeeInvis +   a - +2 dagger
rCold    . . .     Gourm    .   (shield restricted)
rNeg     . . .     Faith    .   c - +0 robe
rPois    +         Spirit   .   (helmet restricted)
rElec    .         Reflect  .   d - +0 cloak
rCorr    .         Harm     .   (gloves unavailable)
MR       .....                  (boots unavailable)
Stlth    ++++......             (no amulet)
Regen    0.1/turn               i - ring of poison resistance
MPRegen  0.1/turn               (no ring)

@: very quick
A: unfitting armour, see invisible, herbivore 3, speed 3, slow metabolism 2
a: no special abilities


You were on level 2 of the Dungeon.
You were not hungry.

You visited 1 branch of the dungeon, and saw 2 of its levels.

You collected 43 gold pieces.

Inventory:

Hand Weapons
 a - a +2 dagger (weapon)
 b - a +0 blowgun
Missiles
 e - 19 poisoned needles
 f - a curare-tipped needle
Armour
 c - a +0 robe (worn)
 d - a +0 cloak (worn)
Jewellery
 i - a ring of poison resistance (left hand)
Scrolls
 h - 2 scrolls of remove curse
 p - a scroll of teleportation {unknown}
 q - a scroll of identify
 r - a scroll of noise {unknown}
 s - a scroll of random uselessness {unknown}
Potions
 k - 2 potions of brilliance {unknown}
 m - a potion of haste {unknown}
 n - a potion of agility {unknown}
 o - a potion of heal wounds {unknown}
Comestibles
 g - a bread ration
 j - a royal jelly
 l - 4 fruits


   Skills:
 + Level 1.6 Fighting
 + Level 2.1 Short Blades
 * Level 2.5 Throwing
 + Level 1.5 Dodging
 * Level 6.7 Stealth


You had one spell level left.
You didn't know any spells.

Dungeon Overview and Level Annotations

Branches:
Dungeon (2/15)

Altars:

Annotations:
D:2 Terence


Innate Abilities, Weirdness & Mutations

You are very small and have problems with some larger weapons.
You are too small for most types of armour.
You have supernaturally acute eyesight. (SInv)
You are a herbivore.
You cover ground extremely quickly.
You need consume almost no food.


Message History

Firing (i - inventory. (,) - cycle):
e - 20 poisoned needles (quivered)
Press: ? - help, Shift-Dir - straight line, f/p - Terence
Aim: Terence, wielding a morningstar and wearing a runed ring mail (heavily wounded, poisoned)
You shoot a poisoned needle. The poisoned needle hits Terence.
Terence looks even sicker.
Terence is heavily wounded.
Wield which item (- for none, * to show all)? (? for menu, Esc to quit)
a - a +2 dagger (weapon)
You hit Terence but do no damage.
Terence is heavily wounded.
Terence bares his teeth.
Terence barely misses you.
You hit Terence.
Terence is severely wounded.
Terence hits you with a morningstar.
You hit Terence.
Terence is severely wounded.
Terence hits you with a morningstar!
Ouch! That really hurt!
You die...

#. ###..####
#.###.......#
##.#...#####.#
#....#.# #.#..[.#
#. #..# #.((.#.# #.
#..# ##.#.#.#
#.##..# ####(#.#..
## ..#..#
#@@..#.####
..#....# #.####.#
..#..# #.# #.#
#...# #.# #.# #...#
#.# #.#
##..###.####.# #
##..........### .#
###.............###
##....†#####......


You could see Terence.

Vanquished Creatures
  A dart slug (D:1)
  2 goblins (D:1)
  5 hobgoblins (D:1)
  3 jackals (D:1)
  A kobold (D:1)
  A ball python (D:2)
  2 bats (D:1)
  A frilled lizard (D:2)
  2 rats
18 creatures vanquished.

Notes
Turn   | Place    | Note
-------+----------+-------------------------------------------
     0 | D:1      | niquify the Spriggan Assassin began the quest for the Orb.
     0 | D:1      | Reached XP level 1. HP: 10/10 MP: 2/2
    68 | D:1      | Reached skill level 6 in Stealth
   362 | D:1      | Reached XP level 2. HP: 14/14 MP: 3/3
   962 | D:2      | Noticed Terence
  1003 | D:2      | Slain by Terence

Skill      XL: |  1 |
---------------+----+-----
Stealth        | 6 |  6.7
Fighting       | |  1.6
Short Blades   | |  2.1
Throwing       | |  2.5
Dodging        | |  1.5

Action                   || total
-------------------------++-------
Melee: Dagger            ||    50
 Fire: Blowgun           ||    29
  Use: Scroll            ||     3
 Stab: Sleeping          ||     2
Armor: Robe              ||     3
Dodge: Dodged            ||    32
